 Dungeon Crawl Stone Soup version 0.19.4 (webtiles) character file.

179 Mitungard the Ruffian (level 5, -2/78 HPs)
             Began as a Troll Berserker on Jan 18, 2017.
             Was a Priest of Trog.
             Slain by a gnoll
             ... wielding a +0 spear
              (9 damage)
             ... on level 3 of the Dungeon on Feb 1, 2017.
             The game lasted 00:36:12 (3572 turns).

Mitungard the Ruffian (Troll Berserker)             Turns: 3572, Time: 00:36:13

Health: -2/78      AC:  3    Str: 31    XL:     5   Next: 33%
Magic:  4/4        EV: 11    Int:  3    God:    Trog [***...]
Gold:   69         SH:  0    Dex:  9    Spells: 0 memorised, 4 levels left

rFire  . . .     SeeInvis .     G - +7 club
rCold  . . .     Gourm    +     a - +0 animal skin
rNeg   . . .     Faith    .     (no shield)
rPois  .         Spirit   .     (helmet restricted)
rElec  .         Reflect  .     (no cloak)
rCorr  .         Harm     .     (gloves unavailable)
MR     .....     Rnd*Tele +     (boots unavailable)
Stlth  ..........               (no amulet)
                                C - ring of teleportation (curse)
                                d - -2 ring of protection (curse)

@: berserking, lethally poisoned (-2 -> -2), very slightly contaminated, hasted,
very quick
A: unfitting armour, claws 3, fast metabolism 3, gourmand, regeneration 1,
shaggy fur 1, tough skin 2
a: Berserk, Trog's Hand, Burn Spellbooks, Renounce Religion


You were on level 3 of the Dungeon.
You worshipped Trog.
Trog was most pleased with you.
You were very full.

You visited 1 branch of the dungeon, and saw 3 of its levels.

You collected 69 gold pieces.

Inventory:

Hand Weapons
 b - a +0 flail
 h - a +0 dagger
 l - a +0 dagger
 q - a +0 club
 r - a +0 dagger
 u - a +0 short sword
 x - a +0 club
 E - a +0 hunting sling
 G - a +7 club (weapon)
 I - a +0 hunting sling
 K - a +0 whip
Missiles
 g - 8 steel tomahawks (quivered)
 j - 39 poisoned needles
 n - 187 stones
 p - 37 bolts
 L - 11 sling bullets
Armour
 a - a +0 animal skin (worn)
 c - a +0 ring mail
 m - a cursed +0 pair of gloves
 D - a +0 robe
 H - a +0 leather armour of cold resistance
Jewellery
 d - a cursed -2 ring of protection (left claw)
 C - a cursed ring of teleportation (right claw)
 J - a cursed ring of teleportation
Scrolls
 f - a scroll of teleportation {unknown}
 s - a scroll of remove curse {unknown}
 t - a scroll of random uselessness {unknown}
 w - a scroll of fear {unknown}
 y - a scroll of amnesia {unknown}
 z - a scroll of fog {unknown}
 A - 2 scrolls of identify {unknown}
 M - a scroll of magic mapping {unknown}
Potions
 i - 2 potions of brilliance {unknown}
 o - a potion of curing {unknown}
 v - a potion of cancellation {unknown}
Comestibles
 B - 8 fruits


   Skills:
 + Level 2.9 Fighting
 + Level 1.4 Short Blades
 + Level 0.6 Maces & Flails
 + Level 3.6 Dodging
 + Level 0.3 Stealth
 + Level 3.7 Unarmed Combat


You had 4 spell levels left.
You didn't know any spells.

Dungeon Overview and Level Annotations

Branches:
Dungeon (3/15)

Altars:
Qazlal
Vehumet


Innate Abilities, Weirdness & Mutations

You are too large for most types of armour.
You have claws for hands.
Your metabolism is lightning-fast.
You like to eat raw meat.
Your natural rate of healing is unusually fast.
You are covered in fur. (AC +1)
You have very tough skin. (AC +2)


Message History

* * * LOW HITPOINT WARNING * * *
You see here a stone.
The hobgoblin shouts!
It was a potion of haste.
You feel yourself speed up. The goblin barely misses you.
The goblin shoots a stone.
The stone hits you but does no damage. The goblin hits you with a club.
* * * LOW HITPOINT WARNING * * *
You are very lightly contaminated with residual magic.
A hobgoblin comes into view. It is wielding a club.
It was a potion of berserk rage.
A red film seems to cover your vision as you go berserk!
You feel yourself moving faster!
You feel mighty!
The hobgoblin shouts! x2
The goblin barely misses you. x2
You are too berserk!
You start eating one of the 8 fruits.
You feel a strong urge to attack something.
You feel sick. The goblin barely misses you.
The gnoll hits you from afar with a spear!
You die...

≈≈≈≈≈≈≈≈≈≈≈≈≈≈≈≈≈≈≈≈≈≈≈≈≈≈≈≈≈≈≈≈≈
≈≈≈≈≈≈≈≈≈≈≈≈≈≈≈≈≈≈≈≈≈≈≈≈≈≈≈≈≈≈≈≈≈
≈≈≈≈≈≈#####≈≈≈≈≈≈≈≈≈≈≈≈≈≈≈≈≈≈≈≈≈≈
≈≈≈≈≈≈#. #######################
≈≈≈≈≈≈#.g #......## ##.....#.
≈≈≈≈≈≈#.. #..g....###......'
≈≈≈≈≈≈##'##....g...#.......######
≈≈≈≈≈≈≈#...g.ggg...#.............
#....gggg@.g'..g..).......
#..g((.gg...#.....))......
#'##(.......#.......###### #.
#(..(...###......' # #......##
##.....#. ######## #########


You could see 3 gnolls, 4 hobgoblins and 8 goblins.

Vanquished Creatures
  Ijyb (D:3)
  A gnoll (D:3)
  3 adders
  An ooze (D:2)
  2 dart slugs
  4 leopard geckos
  7 orcs (D:3)
  10 giant cockroaches (D:2)
  14 goblins
  16 hobgoblins
  7 jackals
  3 kobolds
  2 ball pythons
  5 bats
  5 frilled lizards
  8 rats
  9 plants
98 creatures vanquished.

Vanquished Creatures (others)
  A goblin (D:3)
  3 kobolds (D:1)
4 creatures vanquished.

Grand Total: 102 creatures vanquished

Notes
Turn   | Place    | Note
-------+----------+-------------------------------------------
     0 | D:1      | Mitungard the Troll Berserker began the quest for the Orb.
     0 | D:1      | Reached XP level 1. HP: 22/22 MP: 0/0
   224 | D:1      | Reached XP level 2. HP: 29/29 MP: 1/1
   334 | D:1      | Upgraded the game from 0.19.1-1-g22dce08 to 0.19.3-1-g3169bf9
   801 | D:1      | You fall through a shaft!
   941 | D:2      | Reached XP level 3. HP: 34/36 MP: 2/2
  1614 | D:2      | Found a radiant altar of Vehumet.
  1698 | D:2      | Reached ** piety under Trog
  2186 | D:2      | Reached XP level 4. HP: 42/44 MP: 3/3
  2261 | D:2      | Found a stormy altar of Qazlal.
  2699 | D:3      | Upgraded the game from 0.19.3-1-g3169bf9 to 0.19.4
  2806 | D:3      | Noticed Ijyb
  2885 | D:3      | Killed Ijyb
  2885 | D:3      | Reached skill level 1 in Short Blades
  3163 | D:3      | Reached XP level 5. HP: 48/52 MP: 4/4
  3391 | D:3      | Reached *** piety under Trog
  3572 | D:3      | Slain by a gnoll

Skill      XL: |  1  2  3  4 |
---------------+-------------+-----
Dodging        | 3 |  3.6
Short Blades   | 1 |  1.4
Fighting       | |  2.9
Maces & Flails | |  0.6
Stealth        | |  0.3
Unarmed Combat | |  3.7

Action                   |  1- 3 |  4- 6 || total
-------------------------+-------+-------++-------
Melee: Unarmed           |   126 |       ||   126
       Punch             |     9 |     7 ||    16
       Dagger            |   108 |       ||   108
       Short sword       |    67 |   181 ||   248
       Club              |       |    94 ||    94
  Use: Potion            |       |     2 ||     2
 Stab: Sleeping          |       |     1 ||     1
  Eat: Chunk             |     9 |     6 ||    15
       Meat ration       |     2 |       ||     2
       Bread ration      |       |     3 ||     3
Armor: Animal skin       |   132 |    63 ||   195
Dodge: Dodged            |   160 |   168 ||   328
